 Dungeon Crawl Stone Soup version 0.21.1-1-g345015f (webtiles) character file.

610 tidbits the Grave Robber (level 7, 51/51 HPs)
             Began as a Gnoll Necromancer on June 18, 2018.
             Was a Follower of Cheibriados.
             Quit the game on level 9 of the Dungeon.
             The game lasted 00:09:25 (975 turns).

tidbits the Grave Robber (Gnoll Necromancer)         Turns: 975, Time: 00:09:25

Health: 51/51      AC:  5    Str: 12    XL:     7   Next: 43%
Magic:  15/15      EV: 16    Int: 21    God:    Cheibriados [*.....]
Gold:   13         SH:  0    Dex: 18    Spells: 9/17 levels left

rFire    . . .     SeeInvis .   a - +1 dagger (venom)
rCold    . . .     Gourm    .   (no shield)
rNeg     . . .     Faith    .   d - +0 robe
rPois    .         Spirit   .   (no helmet)
rElec    .         Reflect  .   C - +2 cloak
rCorr    .         Harm     .   (no gloves)
MR       .....                  (no boots)
Stlth    +++.......             (no amulet)
HPRegen  0.17/turn              f - ring of flight
MPRegen  0.14/turn              (no ring)

@: very slow
A: distributed training, fangs 1, strong nose
a: Bend Time, Renounce Religion, Evoke Flight


You were on level 9 of the Dungeon.
You worshipped Cheibriados.
Cheibriados was aware of your devotion.
You were not hungry.

You visited 2 branches of the dungeon, and saw 8 of its levels.

You collected 97 gold pieces.
You spent 84 gold pieces at shops.

Inventory:

Hand Weapons
 a - a +1 dagger of venom (weapon)
   (You took it off an orc priest on level 5 of the Dungeon)
 b - a +0 rapier
 m - a cursed +0 falchion
 o - a +2 mace of protection
   (You took it off an orc on level 4 of the Dungeon)
 q - a +1 short sword of speed
   (You found it on level 3 of the Dungeon)
 s - a +0 dagger
 t - a +0 war axe
Missiles
 e - 4 javelins (quivered)
 g - 43 arrows
Armour
 d - a +0 robe (worn)
 j - a +0 ring mail
 C - a +2 cloak (worn)
Jewellery
 f - a ring of flight (left hand)
   (You found it on level 1 of the Dungeon)
Scrolls
 h - a scroll of fog {unknown}
 k - a scroll of blinking {unknown}
 n - a scroll of remove curse {unknown}
 p - a scroll of amnesia {unknown}
 r - 2 scrolls of identify {unknown}
 v - a scroll of magic mapping {unknown}
 w - a scroll of teleportation {unknown}
 x - a scroll of random uselessness {unknown}
Potions
 i - 3 potions of curing
 u - a potion of magic {unknown}
 z - a potion of might {unknown}
 A - 2 potions of lignification
Books
 l - a book of Necromancy

   Spells                             Type                      Level
   a - Pain                           Necromancy                   1
   b - Animate Skeleton               Necromancy                   1
   c - Vampiric Draining              Necromancy                   3
   d - Regeneration                   Charms/Necromancy            3
   e - Animate Dead                   Necromancy                   4
   f - Borgnjor's Vile Clutch         Necromancy/Earth             5
Comestibles
 c - 5 rations


   Skills:
 + Level 2.4 Fighting
 + Level 2.4 Short Blades
 + Level 2.4 Long Blades
 + Level 2.4 Axes
 + Level 2.4 Maces & Flails
 + Level 2.4 Polearms
 + Level 2.4 Staves
 + Level 2.4 Slings
 + Level 2.4 Bows
 + Level 2.4 Crossbows
 + Level 2.4 Throwing
 + Level 2.4 Armour
 + Level 5.2 Dodging
 + Level 4.9 Stealth
 + Level 2.4 Shields
 + Level 2.4 Unarmed Combat
 + Level 5.6 Spellcasting
 + Level 2.0 Conjurations
 + Level 2.0 Hexes
 + Level 2.0 Charms
 + Level 2.0 Summonings
 + Level 7.4 Necromancy
 + Level 2.0 Translocations
 + Level 2.0 Transmutations
 + Level 2.0 Fire Magic
 + Level 2.0 Ice Magic
 + Level 2.0 Air Magic
 + Level 2.0 Earth Magic
 + Level 2.0 Poison Magic
 + Level 2.7 Invocations
 + Level 2.4 Evocations


You had 9 spell levels left.
You knew the following spells:

 Your Spells              Type           Power        Failure   Level  Hunger
a - Pain                  Necr           ####         1%          1    None
d - Vampiric Draining     Necr           #####.....   1%          3    ##.....
n - Animate Skeleton      Necr           N/A          1%          1    None
r - Regeneration          Chrm/Necr      ####......   4%          3    ##.....


Dungeon Overview and Level Annotations

Branches:
Dungeon (6/15)             Temple (1/1) D:4

Altars:
Ashenzari
Cheibriados
Dithmenos
Elyvilon
Gozag
Hepliaklqana
Kikubaaqudgha
Makhleb
Okawaru
Qazlal
Ru
Sif Muna
Trog
Uskayaw
Vehumet
Wu Jian
Xom
Yredelemnul
Zin
The Shining One

Shops:
D:4 %   D:6 !

Annotations:
D:4 nicolaieve's ghost, novice MiBe


Innate Abilities, Weirdness & Mutations

Your experience applies equally to all skills.
You have very sharp teeth.
Your uncanny sense of smell can sniff out nearby items.


Message History

Press: ? - help, Shift-Dir - straight line, f/p - Eustachio
Aim: Eustachio, wielding a rapier of speed and wearing a leather armour (moderately wounded, chance to defeat MR: 74%) Eustachio is blasted.
Evoke which item? (* to show all) (? for menu, Esc to quit)
Aiming: Disintegrate
Press: ? - help, Shift-Dir - straight line, f/p - Eustachio
Aim: Eustachio, wielding a rapier of speed and wearing a leather armour (severely wounded, chance to defeat MR: 74%) Eustachio is blasted.
You blow up Eustachio!
Cheibriados appreciates the change of pace.
You have reached level 7!
The ogre barely misses you.
Evoke which item? (* to show all) (? for menu, Esc to quit)
Aiming: Disintegrate
Press: ? - help, Shift-Dir - straight line, f - ogre
Aim: an ogre, wielding a giant spiked club (chance to defeat MR: 75%)
The ogre is blasted.
The now-empty wand crumbles to dust.
You hit the ogre.
The ogre is poisoned.
The ogre is heavily wounded.
The ogre misses you.
You hit the ogre.
The ogre looks as sick as possible!
The ogre is severely wounded.
The ogre barely misses you.
You hit the ogre.
The ogre looks as sick as possible!
The ogre is severely wounded.
You hit the ogre but do no damage.
The ogre looks as sick as possible!
The ogre is severely wounded.
The ogre closely misses you.
You hit the ogre.
The ogre is severely wounded.
You hit the ogre.
The ogre looks as sick as possible!
You bite the ogre, but do no damage.
The ogre is almost dead.
You kill the ogre!
Cheibriados appreciates the change of pace.
Your Conjurations skill increases to level 2!
Your Hexes skill increases to level 2!
Your Charms skill increases to level 2!
Your Summonings skill increases to level 2!
Your Translocations skill increases to level 2!
Your Transmutations skill increases to level 2!
Your Fire Magic skill increases to level 2!
Your Ice Magic skill increases to level 2!
Your Air Magic skill increases to level 2!
Your Earth Magic skill increases to level 2!
Your Poison Magic skill increases to level 2!
You open the large door.
Found a leather armour.
Found a scroll labeled LAR GACAPN.
There is a large open door here.
There is a large open door here.
Found 19 stones.
You see here a scroll labeled LAR GACAPN.
n - a scroll labeled LAR GACAPN
Found a bubbling dark potion.
You see here a bubbling dark potion.
z - a bubbling dark potion
Found 13 gold pieces.
You see here 13 gold pieces.
You now have 80 gold pieces (gained 13).
Found a dagger.
Unknown command.
You see here a dagger.
Found 17 gold pieces.
Unknown command.
Found Oshriffa's Distillery.
You see here 17 gold pieces.
You now have 97 gold pieces (gained 17).
There is an entrance to Oshriffa's Distillery here.
A - a potion of lignification
A - 2 potions of lignification (gained 1)
B - a potion of degeneration Thank you for shopping at Oshriffa's Distillery!
Drop what? 28/52 slots (_ for help) (? for menu, Esc to quit)
You drop a potion of degeneration.
You open the door.
There is an open door here.
As you open the door, it creaks loudly!
You hear a shout!
Found a potion of curing.
There is an open door here.
You see here a potion of curing.
i - 3 potions of curing (gained 1)
Found a ration.
A centaur comes into view.
You found a shaft!
There is a shaft here.
You see here a ration.
c - 5 rations (gained 1)
There is a shaft here.
You fall through a shaft for 3 floors!
The shaft crumbles and collapses.
A crimson imp comes into view.
Unknown command.
The crimson imp shouts!
The crimson imp barely misses you.
You hear an angry buzzing noise.
Unknown command.
You miss the crimson imp. The crimson imp closely misses you.
A hornet comes into view.
Are you sure you want to abandon this character and quit the game? (Confirm with "yes".)

#########
#
#.......#
#.###@# ∆
#.#.5.# ∆
#...###
###y..#
###.# ∆
... ####


You could see a hornet and a crimson imp.

Vanquished Creatures
  Eustachio (D:6)
  2 ogres
  A hound (D:4)
  2 orc priests (D:5)
  2 orc wizards
  A bullfrog skeleton (D:5)
  A worker ant (D:4)
  A hound skeleton (D:4)
  4 adders (D:4)
  A shadow imp (D:5)
  An ooze (D:4)
  A worm (D:4)
  An adder skeleton (D:4)
  A dart slug (D:1)
  2 leopard geckos
  4 orcs
  A ball python (D:3)
  2 goblins (D:1)
  A quokka (D:4)
  3 bats
  A frilled lizard (D:1)
  A jackal zombie (D:5)
  2 rats
37 creatures vanquished.

Notes
Turn   | Place    | Note
-------+----------+-------------------------------------------
     0 | D:1      | tidbits the Gnoll Necromancer began the quest for the Orb.
     0 | D:1      | Reached XP level 1. HP: 13/13 MP: 6/6
    89 | D:1      | Reached XP level 2. HP: 11/19 MP: 0/7
    92 | D:1      | Learned a level 1 spell: Animate Skeleton
   247 | D:4      | Reached XP level 3. HP: 6/25 MP: 3/9
   252 | D:4      | Learned a level 3 spell: Vampiric Draining
   256 | D:4      | Learned a level 3 spell: Regeneration
   267 | D:4      | Reached skill level 5 in Spellcasting
   271 | D:4      | Found a staircase to the Ecumenical Temple.
   281 | Temple   | Entered the Ecumenical Temple
   371 | Temple   | Became a worshipper of Cheibriados the Contemplative
   418 | D:4      | Reached skill level 1 in Invocations
   427 | D:4      | Reached skill level 1 in Fighting
   427 | D:4      | Reached skill level 1 in Short Blades
   427 | D:4      | Reached skill level 1 in Long Blades
   427 | D:4      | Reached skill level 1 in Axes
   427 | D:4      | Reached skill level 1 in Maces & Flails
   427 | D:4      | Reached skill level 1 in Polearms
   427 | D:4      | Reached skill level 1 in Staves
   427 | D:4      | Reached skill level 1 in Slings
   427 | D:4      | Reached skill level 1 in Bows
   427 | D:4      | Reached skill level 1 in Crossbows
   427 | D:4      | Reached skill level 1 in Throwing
   427 | D:4      | Reached skill level 1 in Armour
   427 | D:4      | Reached skill level 1 in Shields
   427 | D:4      | Reached skill level 1 in Unarmed Combat
   427 | D:4      | Reached skill level 1 in Evocations
   427 | D:4      | Reached XP level 4. HP: 12/32 MP: 2/11
   459 | D:5      | Entered Level 5 of the Dungeon
   476 | D:4      | Found Ukick's Food Emporium.
   512 | D:4      | Reached skill level 1 in Conjurations
   512 | D:4      | Reached skill level 1 in Hexes
   512 | D:4      | Reached skill level 1 in Charms
   512 | D:4      | Reached skill level 1 in Summonings
   512 | D:4      | Reached skill level 1 in Translocations
   512 | D:4      | Reached skill level 1 in Transmutations
   512 | D:4      | Reached skill level 1 in Fire Magic
   512 | D:4      | Reached skill level 1 in Ice Magic
   512 | D:4      | Reached skill level 1 in Air Magic
   512 | D:4      | Reached skill level 1 in Earth Magic
   512 | D:4      | Reached skill level 1 in Poison Magic
   538 | D:4      | Noticed nicolaieve's ghost (novice MiBe)
   552 | D:4      | Reached XP level 5. HP: 31/37 MP: 12/12
   658 | D:5      | Found an opulent altar of Gozag.
   674 | D:5      | Reached XP level 6. HP: 32/44 MP: 8/13
   687 | D:5      | Reached skill level 2 in Invocations
   747 | D:5      | Reached * piety under Cheibriados
   798 | D:5      | Reached skill level 2 in Fighting
   798 | D:5      | Reached skill level 2 in Short Blades
   798 | D:5      | Reached skill level 2 in Long Blades
   798 | D:5      | Reached skill level 2 in Axes
   798 | D:5      | Reached skill level 2 in Maces & Flails
   798 | D:5      | Reached skill level 2 in Polearms
   798 | D:5      | Reached skill level 2 in Staves
   798 | D:5      | Reached skill level 2 in Slings
   798 | D:5      | Reached skill level 2 in Bows
   798 | D:5      | Reached skill level 2 in Crossbows
   798 | D:5      | Reached skill level 2 in Throwing
   798 | D:5      | Reached skill level 2 in Armour
   798 | D:5      | Reached skill level 5 in Dodging
   798 | D:5      | Reached skill level 2 in Shields
   798 | D:5      | Reached skill level 2 in Unarmed Combat
   798 | D:5      | Reached skill level 2 in Evocations
   830 | D:6      | Noticed Eustachio
   834 | D:6      | Killed Eustachio
   834 | D:6      | Reached XP level 7. HP: 51/51 MP: 15/15
   841 | D:6      | Reached skill level 2 in Conjurations
   841 | D:6      | Reached skill level 2 in Hexes
   841 | D:6      | Reached skill level 2 in Charms
   841 | D:6      | Reached skill level 2 in Summonings
   841 | D:6      | Reached skill level 2 in Translocations
   841 | D:6      | Reached skill level 2 in Transmutations
   841 | D:6      | Reached skill level 2 in Fire Magic
   841 | D:6      | Reached skill level 2 in Ice Magic
   841 | D:6      | Reached skill level 2 in Air Magic
   841 | D:6      | Reached skill level 2 in Earth Magic
   841 | D:6      | Reached skill level 2 in Poison Magic
   923 | D:6      | Found Oshriffa's Distillery.
   932 | D:6      | Bought a potion of lignification for 36 gold pieces
   932 | D:6      | Bought a potion of lignification for 36 gold pieces
   932 | D:6      | Bought a potion of degeneration for 12 gold pieces
   969 | D:6      | You fall through a shaft for 3 floors!
   975 | D:9      | Noticed a hornet
   975 | D:9      | Quit the game

Skill      XL: |  1  2  3  4  5  6  7 |
---------------+----------------------+-----
Spellcasting   | 5 |  5.6
Invocations    | 1 2 |  2.7
Fighting       | 1 2 |  2.4
Short Blades   | 1 2 |  2.4
Long Blades    | 1 2 |  2.4
Axes           | 1 2 |  2.4
Maces & Flails | 1 2 |  2.4
Polearms       | 1 2 |  2.4
Staves         | 1 2 |  2.4
Slings         | 1 2 |  2.4
Bows           | 1 2 |  2.4
Crossbows      | 1 2 |  2.4
Throwing       | 1 2 |  2.4
Armour         | 1 2 |  2.4
Shields        | 1 2 |  2.4
Unarmed Combat | 1 2 |  2.4
Evocations     | 1 2 |  2.4
Conjurations   | 1 2 |  2.0
Hexes          | 1 2 |  2.0
Charms         | 1 2 |  2.0
Summonings     | 1 2 |  2.0
Translocations | 1 2 |  2.0
Transmutations | 1 2 |  2.0
Fire Magic     | 1 2 |  2.0
Ice Magic      | 1 2 |  2.0
Air Magic      | 1 2 |  2.0
Earth Magic    | 1 2 |  2.0
Poison Magic   | 1 2 |  2.0
Dodging        | 5 |  5.2
Stealth        | |  4.9
Necromancy     | |  7.4

Action                   |  1- 3 |  4- 6 |  7- 9 || total
-------------------------+-------+-------+-------++-------
Melee: Dagger            |     7 |     7 |     7 ||    21
       Bite              |     1 |     1 |     1 ||     3
       Mace              |       |    14 |       ||    14
       Rapier            |       |     4 |       ||     4
Throw: Javelin           |     1 |       |       ||     1
 Cast: Pain              |    32 |    25 |       ||    57
       Regeneration      |     1 |     3 |       ||     4
Evoke: Wand              |       |     9 |     2 ||    11
  Use: Potion            |       |     1 |       ||     1
 Stab: Sleeping          |     2 |     6 |       ||     8
Armor: Robe              |       |     7 |       ||     7
Dodge: Dodged            |     4 |    29 |     6 ||    39

Table legend:
 A = Turns spent in this place as a percentage of turns spent in the entire game.
 B = Non-inter-level travel turns spent in this place as a percentage of non-inter-level travel turns spent in the entire game.
 C = Inter-level travel turns spent in this place as a percentage of turns spent in this place.
 D = Turns resting spent in this place as a percentage of non-inter-level travel turns spent in this place.
 E = Turns spent auto-exploring this place as a percentage of non-inter-level travel turns spent in this place.
 F = Non-inter-level travel turns spent in this place divided by the number of levels of this place that you've seen.
                   A       B       C       D       E      F
               +-------+-------+-------+-------+-------+----------------------
         Total | 100.0 | 100.0 |   2.4 |   0.0 |   0.0 | 119.0
       Dungeon |  88.3 |  88.8 |   1.9 |   0.0 |   0.0 | 120.7
        Temple |  11.7 |  11.2 |   6.1 |   0.0 |   0.0 | 107.0
               +-------+-------+-------+-------+-------+----------------------

Table legend:
 A = Kills in this place as a percentage of kills in entire the game.
 B = Kills by you in this place as a percentage of kills by you in the entire game.
 C = Kills by friends in this place as a percentage of kills by friends in the entire game.
 D = Other kills in this place as a percentage of other kills in the entire game.
 E = Experience gained in this place as a percentage of experience gained in the entire game.
 F = Experience gained in this place divided by the number of levels of this place that you have seen.
                   A       B       C       D       E      F
               +-------+-------+-------+-------+-------+----------------------
         Total | 100.0 | 100.0 |   N/A |   N/A | 100.0 | 109.0
       Dungeon | 100.0 | 100.0 |   N/A |   N/A | 100.0 | 124.6
               +-------+-------+-------+-------+-------+----------------------

Vault maps used:
D:1:      zelgadis_glass_arrival_small
D:2:      first_ration, uniq_natasha, uniq_robin
D:4:      minmay_temple_entry_grid, serial_shops, nicolae_shop_waterfront,
          minmay_misc_feat_hallway, minmay_misc_feat_columns, minivault_23
D:5:      overflow_temple_1_default, basic_altar
D:6:      lemuel_upstairs_altar, serial_shops, shop, minmay_item_behind_shaft,
          uniq_eustachio
Temple:   minmay_crystal_snake_temple
